 Dungeon Sprint DCSS version 0.29-a0-512-gf59ac788ac (webtiles) character file.

Game seed: 12537887264997026278

92 mhtbhm the Ruffian (level 4, -5/41 HPs)
             Began as a Troll Transmuter on May 29, 2022.
             Was a Priest of Qazlal.
             Slain by a flying skull (9 damage)
             ... in the Dungeon (Sprint VII: "The Pits").
             The game lasted 00:01:41 (752 turns).

mhtbhm the Ruffian (Troll Transmuter)                Turns: 752, Time: 00:01:42

Health: -5/41      AC:  4    Str: 18      XL:     4   Next: 35%
Magic:  2/6        EV: 10    Int:  9      God:    Qazlal [***...]
Gold:   0          SH:  3    Dex: 10 (12) Spells: 1/7 levels left

rFire   . . .      SeeInvis .     - Unarmed
rCold   . . .      Faith    .   (no shield)
rNeg    . . .      Spirit   .   a - +0 robe
rPois   .          Reflect  .   (helmet restricted)
rElec   .          Harm     .   (no cloak)
rCorr   .          Rampage  .   (gloves unavailable)
Will    .....      NoTele   +   (boots unavailable)
Stlth   +.........              (no amulet)
HPRegen 0.93/turn               (no ring)
MPRegen 0.10/turn               (no ring)

@: wereblooded
A: large, unfitting armour, claws 3, regeneration 1, shaggy fur 1, tough skin 1
a: Renounce Religion, Upheaval, Elemental Force


You were in the Dungeon.
You worshipped Qazlal.
Qazlal was most pleased with you.
You visited 1 branch

Inventory:

Armour
 a - a +0 robe (worn)
Scrolls
 h - a scroll of blinking
 j - 5 scrolls of amnesia
 k - a scroll of summoning
Potions
 b - a potion of lignification
 c - 5 potions of curing
 d - 5 potions of heal wounds
 e - a potion of haste
 f - 4 potions of magic
 g - 3 potions of berserk rage
 i - 2 potions of invisibility


   Skills:
 + Level 1.3 Fighting
 + Level 3.1 Dodging
 + Level 0.5 Shields
 + Level 5.7 Unarmed Combat
 + Level 2.4 Spellcasting
 + Level 2.7 Transmutations
 * Level 3.0 Invocations


You had one spell level left.
You knew the following spells:

 Your Spells              Type           Power      Damage    Failure   Level
a - Beastly Appendage     Tmut           12%        N/A       11%         1
b - Wereblood             Tmut           6%         N/A       16%         2
c - Spider Form           Tmut/Pois      3%         N/A       50%         3

Your spell library contained the following spells:

 Spells                   Type           Power      Damage    Failure   Level
 Ice Form                 Ice/Tmut       3%         N/A       88%         4


Dungeon Overview and Level Annotations

Branches:
Dungeon (1/1)

Altars:
Ashenzari
Cheibriados
Dithmenos
Elyvilon
Fedhas
Gozag
Hepliaklqana
Kikubaaqudgha
Makhleb
Nemelex Xobeh
Okawaru
Qazlal
Ru
Sif Muna
Trog
Uskayaw
Vehumet
Wu Jian
Xom
Yredelemnul
Zin
The Shining One
Beogh
Jiyva
Lugonu


Innate Abilities, Weirdness & Mutations

You are too large for most types of armour.
You have claws for hands.
Your natural rate of healing is unusually fast.
You are covered in fur. (AC +1)
You have tough skin. (AC +1)


Message History

The flying skull misses you.
You barely miss the flying skull.
The flying skull is lightly damaged.
The quasit bites you. The quasit misses you. The quasit closely misses you.
The flying skull hits you. The quasit bites you. The quasit misses you.
The quasit claws you.
You are too injured to fight recklessly!
You are too injured to fight recklessly!
You are too injured to fight recklessly!
You are too injured to fight recklessly!
You are too injured to fight recklessly!
You are too injured to fight recklessly!
You are too injured to fight recklessly!
You are too injured to fight recklessly!
Unknown command.
The quasit attacks as you move away! The quasit misses you.
The quasit completely misses you. You block the quasit's attack.
The flying skull completely misses you.
You hit the flying skull but do no damage.
The flying skull is lightly damaged.
The flying skull misses you.
You feel much better. The flying skull hits you! x2
You hit the flying skull but do no damage.
The flying skull is lightly damaged.
The flying skull hits you!
* * * LOW HITPOINT WARNING * * *
You hit the flying skull.
The flying skull is moderately damaged.
Your transformation has ended.
Your +0 robe unmelds from your body.
The flying skull hits you.
* * * LOW HITPOINT WARNING * * *
You scratch the flying skull but do no damage.
The flying skull is moderately damaged.
The flying skull hits you but does no damage.
The flying skull hits you!
* * * LOW HITPOINT WARNING * * *
You scratch the flying skull.
The flying skull is heavily damaged.
The flying skull hits you!
You die...

#'#####'#####.....
#.#..#..#..##.....
#.#..†..)..#####'#
#.##†####+###.....
#.#........##.....
#.#........##.....
#.#####'#####...<.
#.#..[)))..##.....
#@#..[)))..##.....
#z###########.....
#5r.....# ######
#rh###..# #...
##.## .. .# ..


You could see a black bear, a flying skull, a quasit and 2 rats.

Vanquished Creatures
  A bullfrog (D)
  2 adders (D)
  An endoplasm (D)
  A giant cockroach (D)
  2 jackals (D)
  A kobold (D)
  A ball python (D)
  2 rats (D)
11 creatures vanquished.

Notes
Turn   | Place    | Note
-------+----------+-------------------------------------------
     0 | D        | mhtbhm the Troll Transmuter began the quest for the Orb.
     0 | D        | Reached XP level 1. HP: 18/18 MP: 1/1
    31 | D        | Found a bloodstained altar of Trog.
    31 | D        | Found a shimmering blue altar of Sif Muna.
    31 | D        | Found a viscous altar of Jiyva.
    31 | D        | Found a hazy altar of Hepliaklqana.
    31 | D        | Found an opulent altar of Gozag.
    32 | D        | Found a glowing golden altar of the Shining One.
    32 | D        | Found a glowing silver altar of Zin.
    32 | D        | Found a basalt altar of Yredelemnul.
    32 | D        | Found a shimmering altar of Xom.
    32 | D        | Found an ornate altar of the Wu Jian Council.
    32 | D        | Found a sacrificial altar of Ru.
    32 | D        | Found a stormy altar of Qazlal.
    32 | D        | Found an iron altar of Okawaru.
    32 | D        | Found a sparkling altar of Nemelex Xobeh.
    32 | D        | Found a burning altar of Makhleb.
    32 | D        | Found a blossoming altar of Fedhas.
    32 | D        | Found a white marble altar of Elyvilon.
    32 | D        | Found a shadowy altar of Dithmenos.
    32 | D        | Found a snail-covered altar of Cheibriados.
    35 | D        | Found a corrupted altar of Lugonu.
    35 | D        | Found a radiant altar of Vehumet.
    36 | D        | Found an ancient bone altar of Kikubaaqudgha.
    36 | D        | Found a hide-covered altar of Uskayaw.
    36 | D        | Found a broken altar of Ashenzari.
    84 | D        | Became a worshipper of Qazlal Stormbringer
   124 | D        | Reached skill level 4 in Unarmed Combat
   124 | D        | Reached skill level 1 in Invocations
   124 | D        | Reached XP level 2. HP: 26/26 MP: 0/3
   130 | D        | Learned a level 2 spell: Wereblood
   329 | D        | Reached * piety under Qazlal
   586 | D        | Reached ** piety under Qazlal
   589 | D        | Noticed a bullfrog
   597 | D        | Killed a bullfrog
   598 | D        | Reached skill level 1 in Fighting
   598 | D        | Reached skill level 5 in Unarmed Combat
   598 | D        | Reached XP level 3. HP: 21/33 MP: 0/5
   598 | D        | Reached XP level 4. HP: 26/41 MP: 0/6
   603 | D        | Reached *** piety under Qazlal
   728 | D        | Learned a level 3 spell: Spider Form
   740 | D        | Noticed a flying skull
   740 | D        | Noticed a phantom
   742 | D        | Noticed a black bear
   752 | D        | Slain by a flying skull

Illustrated notes

Levels and vault maps discovered:
D:        pitsprint [storerooms_1, entrance_room_1, metal_vault_5, armoury_2,
          mini_pit_1, grid_room_1, main_hall_1, silver_pit, the_coven_2,
          the_vestibule_1, steel_vault_2, golden_pit, hallway_of_sentries,
          crystal_vault_4, iron_vault_4, final_vault]

Skill      XL: |  1  2 |
---------------+-------+-----
Unarmed Combat | 4 5 |  5.7
Invocations    | 1 3 |  3.0
Dodging        | 3 |  3.1
Transmutations | 2 |  2.7
Fighting       | 1 |  1.3
Spellcasting   | 2 |  2.4
Shields        | |  0.5

Action                   |  1- 3 |  4- 6 || total
-------------------------+-------+-------++-------
Melee: Unarmed           |    33 |    15 ||    48
       Kick              |     4 |     1 ||     5
       Headbutt          |     3 |       ||     3
 Cast: Beastly Appendage |     5 |       ||     5
       Wereblood         |     2 |     1 ||     3
       Spider Form       |       |     1 ||     1
  Use: Potion            |     1 |     1 ||     2
Armor: Robe              |     5 |     3 ||     8
Dodge: Dodged            |    12 |    16 ||    28
Block: Other             |     2 |     3 ||     5

Table legend: (Time is in decaauts)
 A = Elapsed time spent in this place.
 B = Non-inter-level travel time spent in this place.
 C = Inter-level travel time spent in this place.
 D = Time resting spent in this place.
 E = Time spent auto-exploring this place.
 F = Levels seen in this place.
 G = Mean time per level.
                   A        B        C        D        E       F      G
               +--------+--------+--------+--------+--------+-----+--------+
         Total |    747 |    747 |      0 |    506 |      0 |   1 |  747.0 |
       Dungeon |    747 |    747 |      0 |    506 |      0 |   1 |  747.0 |
               +--------+--------+--------+--------+--------+-----+--------+

Top non-repeatable levels by time:
       D: 747 daAuts
